 Dungeon Crawl Stone Soup version 0.29.1-2-gbd0b4ee654 (webtiles) character file.

Game seed: 6912653728353274656

1034 GorkyZ the Shield-Bearer (level 8, -7/61 HPs)
             Began as a Formicid Fighter on Nov 22, 2022.
             Was an Initiate of Gozag.
             Mangled by a gnoll
             ... wielding a +0 spear
             ... led by a gnoll bouda
              (12 damage)
             ... on level 5 of the Dungeon.
             The game lasted 00:11:57 (5142 turns).

GorkyZ the Shield-Bearer (Formicid Fighter)         Turns: 5142, Time: 00:11:59

Health: -7/61      AC:  7    Str: 24    XL:     8   Next: 48%
Magic:  8/8        EV: 15    Int:  7    God:    Gozag
Gold:   331        SH:  0    Dex: 11    Spells: 7/7 levels left

rFire   . . .      SeeInvis +   u - +1 spear (venom)
rCold   . . .      Faith    .   v - orb {mayhem}
rNeg    . . .      Spirit   .   b - +0 scale mail
rPois   .          Reflect  .   (helmet unavailable)
rElec   .          Harm     .   (no cloak)
rCorr   .          Rampage  .   (no gloves)
Will    +....                   (no boots)
Stlth   ..........              (no amulet)
HPRegen 0.20/turn               r - +4 ring of evasion
MPRegen 0.11/turn               (no ring)

@: no status effects
A: permanent stasis, dig shafts and tunnels, antennae 3, four strong arms,
clumsy 1, strong-willed 1
a: Dig, Shaft Self, Renounce Religion, Potion Petition, Call Merchant, Bribe
Branch


You were on level 5 of the Dungeon.
You worshipped Gozag.
Gozag was aware of your devotion.
You visited 2 branches of the dungeon, and saw 6 of its levels.

You collected 415 gold pieces.
You paid 84 gold pieces to Gozag.

Inventory:

Hand Weapons
 a - a +0 war axe
 u - a +1 spear of venom (weapon)
 y - a +0 glaive
Missiles
 h - 4 poisoned darts (quivered)
 j - 5 silver javelins
 t - 5 boomerangs
Armour
 b - a +0 scale mail (worn)
 c - a +0 buckler
 v - an orb of mayhem (worn)
Jewellery
 r - a +4 ring of evasion (left hand)
Wands
 q - a wand of charming (15)
 A - a wand of flame (7)
Scrolls
 f - a scroll of enchant weapon
 g - 4 scrolls of teleportation
 i - a scroll of identify
 s - a scroll of magic mapping
Potions
 d - a potion of might
 e - a potion of berserk rage
 k - 3 potions of attraction
 l - 2 potions of cancellation
 n - 2 potions of brilliance
 o - 4 potions of haste {unknown}
 p - a potion of heal wounds {unknown}
 z - a potion of curing


   Skills:
 + Level 4.9 Fighting
 + Level 3.8(4.1) Axes
 + Level 2.2(3.4) Polearms
 + Level 3.2 Throwing
 + Level 5.0 Armour
 + Level 2.7 Dodging
 + Level 5.9 Shields
 + Level 3.2 Evocations


You had 7 spell levels left.
You didn't know any spells.
Your spell library contained the following spells:

 Spells                   Type           Power      Damage    Failure   Level
 Sandblast                Erth           0%         2d4       71%         1
 Passwall                 Tmut/Erth      0%         N/A       85%         2
 Stone Arrow              Conj/Erth      0%         3d7       97%         3


Dungeon Overview and Level Annotations

Branches:
Dungeon (5/15)             Temple (1/1) D:4

Altars:
Ashenzari
Cheibriados
Fedhas
Gozag
Hepliaklqana
Makhleb
Nemelex Xobeh
Ru
Vehumet
Yredelemnul
Zin
The Shining One


Innate Abilities, Weirdness & Mutations

You cannot be hasted, slowed, berserked, paralysed or teleported.
You can dig through walls and to a lower floor.
You have a pair of large antennae on your head. (SInv)
Your four strong arms can wield two-handed weapons with a shield.
You are clumsy. (Dex -2)
You are strong-willed. (Will+)


Message History

You puncture the iguana!
You kill the iguana!
The gnoll flies into a frenzy!
The gnoll hits you from afar with a +0 spear.
The gnoll closely misses you.
Your life force feels restored.
Your Armour skill increases to level 5!
The gnoll shouts!
You are too injured to fight recklessly!
You are too injured to fight recklessly!
You are too injured to fight recklessly!
You are too injured to fight recklessly!
You are too injured to fight recklessly!
You are too injured to fight recklessly!
You are too injured to fight recklessly!
You are too injured to fight recklessly!
You are too injured to fight recklessly!
You are too injured to fight recklessly!
You are too injured to fight recklessly!
You are too injured to fight recklessly!
You are too injured to fight recklessly!
You are too injured to fight recklessly!
You are too injured to fight recklessly!
You are too injured to fight recklessly!
You are too injured to fight recklessly!
You are too injured to fight recklessly!
You are too injured to fight recklessly!
You are too injured to fight recklessly!
The gnoll hits you with a +0 spear. The gnoll closely misses you.
You hit the gnoll.
The gnoll is poisoned.
The gnoll is moderately wounded.
The gnoll hits you with a +0 spear!
* * * LOW HITPOINT WARNING * * *
You barely miss the gnoll.
The gnoll is severely wounded.
The gnoll hits you with a +0 spear.
* * * LOW HITPOINT WARNING * * *
The gnoll hits you with a +0 spear!
You die...
Your body crumbles into a pile of gold.

....#.#'#...#+#.#
...##...#####...## ...#..
...+......#......+ ...#.
..##......#......## ....
..#.......#.......# g..#
###.......+.......# ...#
..#.......#.......# ...##..
..##......#......####.......
...+......#.....@g........#
...##...#####...##$#........
....#.#'#...#'#.##.#.#[.....
..#####.......####.#.#......
#+# #...........##.#.# #####
# ##.........###.#.. ..#
+.........+ #.### ###
##.......## ..# #.......#


You could see a neutral gnoll (fast, strong, insane, very poisoned).

Vanquished Creatures
  Grinder (D:4)
  An ice beast (D:5)
  An ogre (D:4)
  2 scorpions
  3 hounds
  An orc priest (D:4)
  A gnoll bouda (D:5)
  Ijyb (D:5)
  3 iguanas (D:5)
  2 orc wizards (D:3)
  5 gnolls
  6 adders
  3 worms (D:2)
  4 dart slugs (D:1)
  8 orcs
  5 ball pythons
  5 endoplasms
  3 giant cockroaches (D:1)
  7 goblins
  6 hobgoblins
  3 jackals (D:3)
  2 quokkas
  5 bats
  3 frilled lizards
  5 kobolds
  8 rats
94 creatures vanquished.

Vanquished Creatures (collateral kills)
  An orc priest (D:4)
  A gnoll (D:4)
  An orc (D:4)
3 creatures vanquished.

Vanquished Creatures (others)
  A gnoll bouda (D:4)
  115 plants (D:1)
116 creatures vanquished.

Grand Total: 213 creatures vanquished

Notes
Turn   | Place    | Note
-------+----------+-------------------------------------------
     0 | D:1      | GorkyZ the Formicid Fighter began the quest for the Orb.
     0 | D:1      | Reached XP level 1. HP: 18/18 MP: 1/1
    53 | D:1      | Reached XP level 2. HP: 14/24 MP: 2/2
   588 | D:1      | Reached XP level 3. HP: 29/29 MP: 3/3
  1069 | D:2      | Reached skill level 1 in Throwing
  1126 | D:2      | Reached skill level 1 in Evocations
  1126 | D:2      | Reached XP level 4. HP: 35/35 MP: 4/4
  1134 | D:2      | Reached skill level 1 in Dodging
  1671 | D:2      | Reached XP level 5. HP: 36/42 MP: 5/5
  2151 | D:3      | Found a faded altar of an unknown god.
  2644 | D:3      | Reached XP level 6. HP: 48/48 MP: 6/6
  2824 | D:4      | Reached skill level 5 in Shields
  3146 | D:4      | Reached XP level 7. HP: 41/54 MP: 7/7
  3268 | D:4      | Found a staircase to the Ecumenical Temple.
  3277 | Temple   | Entered the Ecumenical Temple
  3426 | Temple   | Became a worshipper of Gozag Ym Sagoz the Greedy
  3517 | D:4      | Reached skill level 1 in Polearms
  3766 | D:4      | Found a glowing golden altar of the Shining One.
  4237 | D:4      | Noticed Grinder
  4256 | D:4      | Killed Grinder
  4257 | D:4      | Reached XP level 8. HP: 36/61 MP: 8/8
  4594 | D:5      | Entered Level 5 of the Dungeon
  4606 | D:5      | Gained mutation: You are clumsy. (Dex -2) [potion of
                  | mutation]
  4606 | D:5      | Gained mutation: You are strong-willed. (Will+) [potion of
                  | mutation]
  4763 | D:5      | Noticed Ijyb
  4778 | D:5      | Killed Ijyb
  5139 | D:5      | Reached skill level 5 in Armour
  5142 | D:5      | Mangled by a gnoll

Illustrated notes

Levels and vault maps discovered:
D:1:      roderic_crop_circles_arrival_small, layout_basic,
          hangedman_decor_opposing
D:2:      layout_loops_ring, minmay_pentomino_z2
D:3:      layout_rooms, hellmonk_ecumenical_altar_crossroads
D:4:      layout_gridville, mainiacjoe_overflow_paths, temple_hall, uniq_grinder
D:5:      nicolae_cairo_tiling_very_big, layout_basic,
          hellmonk_bongcloud_opening, minmay_manual_mullet, uniq_ijyb
Temple:   minmay_temple_curvy_branch

Skill      XL: |  1  2  3  4  5  6  7  8 |
---------------+-------------------------+-----
Throwing       | 1 2 3 |  3.2
Evocations     | 1 2 3 |  3.2
Dodging        | 1 2 |  2.7
Fighting       | 4 |  4.9
Armour         | 4 5 |  5.0
Axes           | 3 |  3.8
Shields        | 5 |  5.9
Polearms       | 1 2 |  2.2

Action                   |  1- 3 |  4- 6 |  7- 9 || total
-------------------------+-------+-------+-------++-------
Melee: War axe           |   251 |    93 |       ||   344
       Spear             |       |    39 |   130 ||   169
  Use: Scroll            |       |       |    11 ||    11
       Potion            |       |       |     1 ||     1
 Stab: Distracted        |       |       |     2 ||     2
Armor: Scale mail        |    33 |    48 |    20 ||   101
Dodge: Dodged            |    40 |    68 |    81 ||   189
Block: Buckler           |    31 |    21 |       ||    52
